Map: Eternal Empire LE

Players

soul - Winner!

  • Race: Terran Terran
  • League: Grandmaster
  • Spawn Location: 1:00

DnS

  • Race: Protoss Protoss
  • League: Grandmaster
  • Spawn Location: 7:00

Event: StayAtHomestory Cup #1

VOD

Have the link to the VOD?

Description

Time

  • Played on: April 10, 2020, 5:35 p.m.
  • Length: 19:29

All games in this series

Show
View Real Time Build Order
Export as new Build Order

soul Terran - Winner!

Build Orders:  

Get SALT Encoding   

  12  0:00  SCV  
  13  0:13  SCV  
  14  0:17  Supply Depot  
  14  0:25  SCV  
  15  0:38  SCV  
  15  0:40  Barracks  
  16  0:44  Refinery  
  16  0:50  SCV  
  17  1:03  SCV  
  18  1:15  SCV  
  19  1:26  Marine  
  19  1:27  Orbital Command  
  20  1:46  Reaper  
  21  1:52  Command Center  
  21  1:54  SCV  
  22  2:00  Supply Depot  
  22  2:06  SCV  
  22  2:07  Bunker  
  23  2:16  Factory  
  23  2:22  SCV, Barracks Reactor  
  24  2:26  Refinery  
  24  2:34  SCV  
  25  2:46  SCV  
  26  2:58  SCV  
  27  3:02  Starport  
  27  3:03  Widow Mine  
  27  3:05  Orbital Command  
  29  3:06  Marine x2  
  29  3:10  SCV  
  32  3:17  Supply Depot  
  32  3:22  SCV  
  32  3:23  Marine  
  32  3:24  Marine  
  35  3:29  Widow Mine  
  35  3:31  SCV  
  38  3:34  SCV  
  38  3:35  Supply Depot  
  38  3:40  Medivac  
  41  3:43  SCV  
  41  3:48  SCV  
  43  3:51  Widow Mine  
  43  3:52  Armory  
  43  3:53  Marine  
  43  3:55  Marine  
  47  3:57  SCV  
  47  4:00  SCV  
  49  4:04  Barracks  
  49  4:09  SCV  
  49  4:12  SCV  
  49  4:14  Factory Tech Lab  
  50  4:21  SCV  
  50  4:22  Marine x2  
  53  4:25  Supply Depot  
  54  4:32  Command Center  
  54  4:35  Siege Tank  
  54  4:36  SCV  
  54  4:38  SCV  
  58  4:42  Marine x2  
  60  4:48  SCV  
  60  4:50  SCV  
  60  4:51  Barracks Tech Lab  
  62  4:58  Barracks  
  62  4:59  Drilling Claws  
  62  5:00  SCV, Marine  
  62  5:02  SCV  
  62  5:04  Refinery  
  65  5:07  Refinery  
  65  5:08  Siege Tank  
  65  5:11  Marine x2  
  70  5:14  Stimpack  
  70  5:18  Supply Depot  
  70  5:19  Supply Depot  
  70  5:33  Engineering Bay x2  
  70  5:39  Marine x2  
  70  5:40  SCV x2  
  70  5:42  Supply Depot  
  74  5:44  Orbital Command  
  74  5:46  Widow Mine  
  74  5:47  Barracks Tech Lab  
  76  5:51  Medivac  
  76  5:52  SCV x2  
  80  5:57  Marine  
  80  6:01  Terran Infantry Weapons Level 1, Terran Infantry Armor Level 1  
  81  6:04  SCV x2  
  83  6:12  Marauder x2, Marine  
  83  6:16  SCV x2  
  90  6:21  Orbital Command  
  90  6:22  Supply Depot  
  92  6:26  Starport Reactor  
  92  6:28  SCV x2  
  92  6:31  Barracks  
  92  6:32  Barracks  
  94  6:36  Combat Shield  
  94  6:40  SCV x2  
  94  6:46  SCV  
  95  6:51  Armory  
  95  6:52  SCV, Supply Depot, Factory Reactor  
  95  6:53  SCV  
  97  6:58  SCV  
  100  7:01  Marauder  
  100  7:02  Missile Turret  
  100  7:04  SCV  
  100  7:05  SCV, Marine  
  105  7:08  Marauder  
  105  7:10  SCV  
  105  7:12  Medivac  
  108  7:15  Medivac  
  108  7:16  Marine  
  108  7:17  SCV x2  
  108  7:21  Barracks Reactor  
  108  7:22  Barracks Tech Lab  
  113  7:23  SCV, Marauder  
  113  7:28  Refinery x2  
  113  7:29  SCV x2, Widow Mine x2, Marine  
  114  7:32  Marauder  
  114  7:35  SCV  
  118  7:37  Marine  
  118  7:41  SCV x2  
  123  7:44  Marauder  
  123  7:47  SCV, Supply Depot  
  123  7:48  Supply Depot  
  123  7:51  Widow Mine  
  124  7:52  Marine  
  124  7:55  Concussive Shells, Ghost Academy  
  124  7:56  Terran Infantry Weapons Level 2  
  125  8:06  Supply Depot x2  
  125  8:07  Supply Depot  
  125  8:08  SCV, Terran Infantry Armor Level 2, Missile Turret  
  125  8:09  Widow Mine  
  132  8:16  Medivac x2  
  136  8:20  Widow Mine  
  136  8:22  SCV x3  
  136  8:26  Ghost  
  136  8:27  Supply Depot, Ghost  
  139  8:28  Supply Depot  
  139  8:29  Marine x3  
  139  8:30  Widow Mine  
  146  8:39  Enhanced Shockwaves  
  146  8:41  Command Center  
  145  8:43  Marine x2  
  145  8:47  Ghost  
  149  8:48  Supply Depot  
  149  8:49  SCV x3  
  152  8:56  Ghost  
  152  8:57  Marauder, Marine  
  152  9:01  SCV  
  157  9:03  Fusion Core  
  157  9:04  Marine  
  157  9:08  SCV  
  157  9:09  SCV, Marine  
  161  9:13  SCV  
  161  9:16  Marauder  
  161  9:18  Ghost  
  161  9:20  Marine  
  161  9:23  Unknown  
  164  9:25  Marauder  
  164  9:27  Marine  
  164  9:30  Marine  
  164  9:37  Ghost  
  164  9:39  Medivac x2  
  164  9:40  Marine  
  164  9:43  Widow Mine x2  
  173  9:47  Marauder x2  
  173  9:50  SCV  
  173  9:52  Advanced Ballistics, Barracks x2  
  178  10:00  Planetary Fortress  
  178  10:02  SCV, Barracks  
  178  10:05  Widow Mine x2  
  178  10:06  Marauder  
  185  10:11  Missile Turret x2  
  185  10:13  Missile Turret  
  185  10:18  Terran Infantry Weapons Level 3  
  185  10:26  Barracks  
  185  10:33  Terran Infantry Armor Level 3  
  184  10:45  Command Center  
  184  10:50  Liberator x2  
  190  10:57  Starport  
  190  11:00  Factory Reactor  
  187  11:09  Barracks Tech Lab  
  187  11:10  Barracks Tech Lab  
  187  11:11  Terran Ship Weapons Level 1  
  186  11:20  Marauder x2  
  186  11:24  Ghost, Sensor Tower  
  186  11:25  Marine  
  193  11:26  Sensor Tower  
  193  11:27  Marauder, Marine x2  
  193  11:31  Command Center  
  193  11:32  Command Center  
  187  11:46  Command Center  
  186  11:47  Marine x2  
  186  11:49  Marauder x2  
  186  11:50  Marauder  
  186  11:51  Marauder, Marine  
  186  11:52  Marine  
  186  11:53  Marauder  
  178  11:54  Liberator x2  
  178  11:59  Liberator  
  178  12:00  Liberator  
  178  12:10  Marauder, Barracks Tech Lab  
  180  12:16  Supply Depot  
  180  12:18  Supply Depot  
  180  12:27  Marauder  
  180  12:33  Personal Cloaking  
  180  12:34  Supply Depot, Marauder  
  180  12:37  Ghost Academy  
  180  12:38  Marauder, Liberator x2  
  180  12:40  Marauder x2  
  180  12:42  Liberator  
  193  12:45  Liberator  
  196  12:55  Neosteel Armor  
  196  13:01  Marauder  
  196  13:02  Orbital Command  
  197  13:08  Refinery, Marauder, Marine  
  197  13:11  Refinery  
  199  13:15  Missile Turret  
  199  13:17  Missile Turret, Sensor Tower  
  199  13:18  Missile Turret  
  194  13:20  Liberator  
  194  13:21  Marine  
  194  13:26  Liberator  
  164  13:27  Marine x3  
  146  13:39  Planetary Fortress  
  145  13:46  Ghost x2  
  145  13:47  Ghost x4, Marine x2  
  146  13:49  Marine  
  146  13:54  Marine  
  148  13:56  Widow Mine x2  
  148  13:59  Nuke  
  152  14:05  Marine x2  
  154  14:10  Terran Ship Weapons Level 2  
  154  14:14  Medivac  
  154  14:15  Supply Depot x2, Medivac  
  154  14:16  Marauder x6  
  170  14:17  Marine  
  171  14:30  Marine  
  172  14:35  Marine  
  172  14:36  Ghost x2  
  172  14:37  Ghost, Marauder x3, Marine  
  186  14:58  Marauder, Liberator  
  191  15:00  Command Center  
  191  15:02  Liberator  
  194  15:07  Command Center  
  194  15:08  Liberator x2  
  194  15:14  Marine  
  199  15:20  Marine  
  200  15:23  Marine  
  200  15:27  Marauder, Marine  
  200  15:31  Marine  
  200  15:32  Marauder  
  198  15:36  Marauder  
  198  15:39  Marauder  
  198  15:48  Marauder  
  188  16:19  Marine  
  188  16:20  Marauder, Marine x2  
  188  16:22  Marauder, Marine x4  
  188  16:23  Marauder  
  188  16:25  Liberator x2  
  165  16:27  Liberator  
  165  16:28  Liberator  
  167  16:36  Marine  
  167  16:38  Marine x2  
  170  16:42  Planetary Fortress  
  169  16:48  Ghost x6  
  169  16:49  Marine  
  171  17:03  Orbital Command  
  171  17:08  Liberator x2  
  174  17:10  Missile Turret, Liberator  
  174  17:11  Liberator  
  183  17:17  Ghost x2  
  183  17:18  Marauder  
  178  17:31  Marauder, Marine  
  178  17:34  Marine  
  178  17:35  Marauder, Marine  
  178  17:36  Marauder  
  143  17:38  Marine  
  143  17:39  Marauder  
  139  17:46  Marauder x2  
  139  17:49  Marine  
  139  17:51  Liberator x2  
  147  17:52  Marine  
  147  17:53  Marauder, Marine, Liberator  
  147  17:56  Marauder, Marine  
  147  17:57  Marauder  
  157  18:00  Marauder  
  156  18:07  Marauder x2, Marine  
  156  18:10  Marine  
  156  18:11  Marine  
  150  18:14  Marauder, Marine  
  150  18:18  Marauder x2  
  138  18:34  SCV x6  
  150  18:36  Refinery x2  
  150  18:37  SCV  
  150  18:40  Medivac x3  
  158  18:41  Ghost x3  
  158  18:42  Marine x6  
  158  18:43  Marauder  
  158  18:46  SCV x5  
  161  18:56  SCV  
  161  18:59  Refinery  
  161  19:00  Marine x6  
Show
View Real Time Build Order
Export as new Build Order

DnS Protoss 

Build Orders: 1 Gate Expand, Blink Stalkers, Chargelot Immortal 

Get SALT Encoding   

  12  0:00  Probe  
  13  0:12  Probe  
  14  0:18  Pylon  
  14  0:24  Probe (Chrono Boost)  
  15  0:36  Probe (Chrono Boost)  
  15  0:38  Gateway  
  16  0:44  Probe (Chrono Boost)  
  16  0:46  Assimilator  
  17  0:50  Probe  
  18  1:03  Probe  
  19  1:15  Probe  
  20  1:26  Cybernetics Core  
  20  1:33  Nexus  
  20  1:36  Probe  
  21  1:45  Pylon  
  21  1:48  Probe (Chrono Boost)  
  21  1:52  Assimilator  
  21  2:01  Probe (Chrono Boost)  
  22  2:02  Adept (Chrono Boost)  
  22  2:03  Warp Gate  
  22  2:07  Probe (Chrono Boost)  
  25  2:15  Probe  
  26  2:23  Stalker  
  26  2:27  Probe  
  29  2:33  Twilight Council  
  29  2:42  Probe (Chrono Boost)  
  30  2:45  Probe (Chrono Boost)  
  31  2:54  Stalker  
  31  2:55  Probe x2 (Chrono Boost)  
  35  3:03  Probe x2  
  37  3:08  Gateway, Blink (Chrono Boost)  
  37  3:15  Probe  
  37  3:18  Probe  
  39  3:27  Probe  
  39  3:30  Probe  
  39  3:33  Robotics Facility  
  41  3:38  Pylon  
  41  3:39  Probe  
  42  3:42  Probe  
  43  3:50  Sentry  
  43  3:51  Probe  
  46  3:56  Probe  
  46  3:59  Nexus  
  47  4:02  Stalker  
  47  4:04  Probe, Phoenix  
  47  4:08  Probe  
  51  4:10  Assimilator  
  51  4:12  Pylon  
  51  4:16  Stalker  
  53  4:20  Pylon  
  53  4:21  Probe  
  54  4:30  Probe, Observer  
  56  4:31  Stalker  
  56  4:33  Probe  
  59  4:40  Stalker  
  59  4:42  Probe  
  59  4:43  Pylon  
  62  4:46  Probe  
  62  4:47  Pylon  
  63  4:58  Probe x2 (Chrono Boost)  
  65  5:00  Observer  
  65  5:05  Forge  
  68  5:07  Probe (Chrono Boost)  
  68  5:09  Probe (Chrono Boost)  
  68  5:12  Probe x2 (Chrono Boost)  
  69  5:18  Probe  
  71  5:22  Observer  
  71  5:24  Probe x2  
  71  5:28  Stalker x2  
  78  5:30  Probe  
  78  5:35  Charge (Chrono Boost)  
  79  5:36  Probe, Protoss Ground Weapons Level 1 (Chrono Boost)  
  79  5:39  Gateway  
  79  5:41  Gateway  
  80  5:46  Probe x2  
  80  5:47  Shield Battery  
  82  5:51  Probe  
  82  5:53  Immortal  
  82  5:56  Pylon  
  87  5:58  Observer  
  87  6:00  Gateway  
  87  6:03  Gateway x2  
  87  6:08  Probe  
  87  6:11  Probe, Gateway  
  87  6:12  Pylon  
  87  6:13  Probe, Assimilator  
  87  6:14  Assimilator  
  89  6:19  Sentry  
  89  6:21  Probe  
  89  6:23  Probe  
  89  6:25  Probe  
  94  6:26  Pylon  
  94  6:27  Zealot  
  94  6:32  Immortal  
  100  6:33  Probe, Assimilator  
  100  6:36  Probe  
  100  6:37  Probe  
  100  6:38  Zealot x2  
  107  6:42  Observer  
  107  6:46  Pylon  
  107  6:47  Templar Archives  
  107  6:48  Pylon  
  107  6:51  Photon Cannon  
  107  6:57  Photon Cannon  
  106  7:11  Photon Cannon  
  106  7:13  Probe, Psionic Storm  
  94  7:18  Probe x2  
  96  7:23  Protoss Ground Armor Level 1 (Chrono Boost)  
  96  7:25  Probe  
  96  7:29  Warp Prism  
  97  7:30  Probe x2  
  97  7:31  Stalker x2  
  97  7:32  Zealot, High Templar x2  
  97  7:33  Zealot  
  113  7:37  Probe  
  113  7:42  Probe  
  115  7:45  Probe  
  115  7:49  Probe  
  117  7:54  Probe, High Templar x2  
  117  7:57  Probe  
  123  7:59  Forge  
  123  8:01  Probe  
  123  8:05  Stalker x2  
  128  8:07  Probe  
  128  8:09  Immortal  
  133  8:16  Pylon  
  133  8:23  High Templar  
  133  8:24  Nexus  
  133  8:26  Probe x2  
  137  8:27  Pylon  
  137  8:30  Pylon  
  137  8:31  Observer  
  137  8:33  Protoss Ground Weapons Level 2 (Chrono Boost)  
  137  8:43  High Templar  
  137  8:44  Pylon, High Templar  
  137  8:47  Zealot x3  
  137  8:48  Zealot x2  
  151  8:55  Immortal  
  155  9:06  Pylon  
  155  9:10  Robotics Bay  
  155  9:11  Robotics Facility  
  153  9:20  Zealot  
  153  9:21  Zealot x6  
  153  9:24  Unknown  
  167  9:27  Probe  
  167  9:28  Probe x2 (Chrono Boost)  
  156  9:40  Probe (Chrono Boost)  
  156  9:45  Probe (Chrono Boost), High Templar  
  161  9:46  Probe (Chrono Boost)  
  161  9:49  Photon Cannon  
  161  9:51  Photon Cannon  
  153  10:00  Colossus x2 (Chrono Boost)  
  153  10:06  Probe x3, Protoss Ground Armor Level 2 (Chrono Boost)  
  167  10:07  Extended Thermal Lance  
  167  10:16  Zealot x3  
  167  10:17  Zealot  
  167  10:19  Probe x2  
  167  10:21  Probe  
  178  10:22  Probe  
  178  10:26  High Templar  
  181  10:29  Photon Cannon  
  181  10:31  Pylon  
  181  10:37  Dark Shrine  
  181  10:39  Gateway  
  181  10:40  Gateway  
  179  10:46  Stalker  
  179  10:47  Stalker, Zealot  
  185  11:03  Zealot x5  
  189  11:07  Colossus (Chrono Boost)  
  199  11:14  Colossus (Chrono Boost)  
  199  11:15  Stargate  
  191  11:19  Probe  
  191  11:20  Probe  
  191  11:21  Photon Cannon  
  191  11:24  Probe x2  
  193  11:31  Probe  
  190  11:34  Probe  
  183  11:41  Probe x2  
  183  11:44  Probe, Zealot x3  
  183  11:45  Zealot  
  173  11:49  Dark Templar  
  173  11:50  Stalker x2, Dark Templar  
  173  11:52  Probe  
  170  11:56  Probe  
  170  12:01  Probe x2  
  161  12:04  Probe  
  163  12:08  Probe (Chrono Boost)  
  163  12:13  Probe (Chrono Boost)  
  163  12:14  Probe (Chrono Boost)  
  163  12:15  Archon  
  163  12:16  Probe (Chrono Boost)  
  163  12:20  Probe (Chrono Boost)  
  163  12:21  Stalker  
  165  12:25  Probe x2 (Chrono Boost)  
  165  12:27  Probe (Chrono Boost)  
  165  12:29  Probe (Chrono Boost)  
  169  12:30  Probe x2 (Chrono Boost), Sentry  
  169  12:31  Sentry  
  173  12:40  Probe x3  
  176  12:47  Stalker x4  
  182  12:53  Dark Templar  
  182  12:55  Dark Templar  
  186  13:01  Nexus  
  181  13:13  Stalker x3  
  165  13:30  Zealot x6  
  135  13:38  Probe x2 (Chrono Boost)  
  135  13:44  Stalker x3  
  135  13:46  Probe (Chrono Boost)  
  142  13:52  Probe (Chrono Boost)  
  142  13:53  Probe x2 (Chrono Boost)  
  142  13:54  Sentry x2  
  149  13:57  Probe (Chrono Boost), Protoss Ground Armor Level 3 (Chrono Boost)  
  149  13:59  High Templar  
  149  14:00  High Templar  
  149  14:02  High Templar  
  156  14:13  High Templar  
  156  14:15  Probe  
  156  14:16  Probe  
  156  14:17  High Templar  
  162  14:30  Stalker x4  
  170  14:39  Fleet Beacon  
  170  14:40  Stargate  
  170  14:42  Immortal (Chrono Boost)  
  170  14:45  Observer (Chrono Boost)  
  175  14:51  Shadow Stride  
  173  14:53  Dark Templar x2  
  173  14:54  Zealot  
  179  15:06  Stalker x5  
  186  15:14  Stalker x3  
  190  15:27  Dark Templar x2  
  190  15:31  Stalker x2  
  190  15:38  Dark Templar  
  190  15:39  Stalker  
  179  15:52  Stalker x3  
  184  16:07  Pylon  
  184  16:09  Pylon  
  143  16:32  Dark Templar  
  143  16:33  Stalker x2  
  143  16:34  Stalker, Zealot x2  
  146  16:52  Zealot  
  146  16:53  Zealot x2  
  152  17:01  High Templar x3  
  152  17:03  High Templar  
  152  17:07  Archon x2  
  160  17:09  Stalker  
  162  17:19  Stalker  
  109  17:47  Stalker x4  
  109  17:48  Stalker x3  
  120  17:54  Dark Templar x2  
  84  18:32  High Templar x4  
  84  18:33  High Templar  
  92  18:35  Zealot x2  
  96  18:50  Nexus  
  96  18:57  Probe x2 (Chrono Boost)  
  96  18:58  Probe (Chrono Boost)  
  99  19:08  Probe x3 (Chrono Boost), Sentry x2, Zealot x2  
  110  19:12  Probe x2 (Chrono Boost)  
  112  19:20  Archon x2  
Tags
 
Add a new tag
Caveats
  • Supply blocks, unpowered buildings, or Contaminate may cause inaccurate times.
  • Supply counts are checked every 10 seconds.